[Event "Titled Tuesday Blitz October 12 2021"]
[White "Zhigalko, Sergei"]
[Black "Dev, Shah"]
[WhiteFideId "13502956"]
[BlackFideId "35019058"]
[WhiteElo "2662"]
[BlackElo "2098"]
[Result "1-0"]
[Round "05"]
[TimeControl "180+1"]
[Date "2021.10.12"]
[WhiteClock "0:00:56"]
[BlackClock "0:01:59"]

1. e4 e5 2. Nf3 Nc6 3. Bc4 Bc5 4. b4 Bxb4 5. c3 Ba5 6. d4 d6 7. Qb3 Qd7 8. O-O Bb6 9. Nbd2 Na5 10. Qc2 Ne7 11. dxe5 Ng6 12. exd6 Qxd6 13. e5 Qe7 14. Bd3 O-O 15. Re1 Bg4 16. h3 Be6 17. Ne4 h6 18. Nf6+ gxf6 19. Bxh6 Nxe5 20. Nxe5 fxe5 21. Rxe5 Bxf2+ 22. Qxf2 1-0


[Site "https://www.chess.com"]

[Event "Titled Tuesday Blitz October 12 2021"]
[White "Babazada, Khazar"]
[Black "Erdogmus, Yagiz Kaan"]
[WhiteFideId "13413554"]
[BlackFideId "44599790"]
[WhiteElo "2302"]
[BlackElo "1783"]
[Result "1-0"]
[Round "06"]
[TimeControl "180+1"]
[Date "2021.10.12"]
[WhiteClock "0:01:44"]
[BlackClock "0:00:15"]

1. e4 c5 2. Nf3 e6 3. d4 cxd4 4. Nxd4 Nf6 5. Nc3 Nc6 6. Nxc6 bxc6 7. e5 Nd5 8. Ne4 Qa5+ 9. c3 Ba6 10. Bd3 Bxd3 11. Qxd3 Qb5 12. Qg3 a5 13. Bd2 a4 14. Rd1 Qxb2 15. O-O Qxa2 16. Qd3 a3 17. c4 Nb6 18. Rc1 Be7 19. Rc2 Qb2 20. Rxb2 axb2 21. Bc3 Na4 22. Bxb2 Nxb2 23. Qb3 Na4 24. Ra1 f5 25. exf6 gxf6 26. Rxa4 Rxa4 27. Qxa4 f5 28. Qa8+ Kf7 29. Qxh8 fxe4 30. Qxh7+ Kf6 31. Qxe4 d5 32. cxd5 cxd5 33. Qd3 Ke5 34. g3 Kd6 35. f4 e5 36. Qa6+ Kd7 37. fxe5 Bc5+ 38. Kf1 d4 39. Ke2 Be7 40. Kd3 Bd8 41. Kc4 Bc7 42. Kd5 Ke7 43. Qe6+ Kd8 44. Kc6 d3 45. Qd7# 1-0


[Site "https://www.chess.com"]

[Event "Titled Tuesday Blitz October 12 2021"]
[White "Bluebaum, Matthias"]
[Black "Maly, Alexey"]
[WhiteFideId "24651516"]
[BlackFideId "14103184"]
[WhiteElo "2681"]
[BlackElo "2294"]
[Result "1-0"]
[Round "06"]
[TimeControl "180+1"]
[Date "2021.10.12"]
[WhiteClock "0:01:34"]
[BlackClock "0:00:07"]

1. d4 d5 2. Nf3 Nf6 3. Bf4 e6 4. e3 c5 5. c3 Bd6 6. Bb5+ Nc6 7. Bxc6+ bxc6 8. Bxd6 Qxd6 9. Qa4 cxd4 10. cxd4 O-O 11. O-O c5 12. Nbd2 cxd4 13. Nxd4 Bd7 14. Qa5 Rfc8 15. Rfc1 a6 16. h3 h6 17. N4b3 e5 18. Rc5 Bb5 19. Rac1 Rxc5 20. Nxc5 Rc8 21. b4 d4 22. exd4 exd4 23. a4 Be2 24. Ncb3 Rc3 25. Qf5 Qxb4 26. Re1 d3 27. Rb1 Qxa4 28. Nd4 Qe8 29. Qf4 Kh7 30. Qf5+ Kg8 31. Qf4 Rc8 32. Nf5 Qf8 33. Rb7 Rd8 34. Nxh6+ Kh7 35. Nxf7 Rc8 36. Ng5+ Kg8 37. Ne6 1-0


[Site "https://www.chess.com"]

[Event "Titled Tuesday Blitz October 12 2021"]
[White "Bordi, Kevin"]
[Black "Perez Gormaz, Matias"]
[WhiteFideId "621862"]
[BlackFideId "3406342"]
[WhiteElo "2749"]
[BlackElo "2352"]
[Result "0-1"]
[Round "06"]
[TimeControl "180+1"]
[Date "2021.10.12"]
[WhiteClock "0:00:01"]
[BlackClock "0:00:08"]

1. g4 d5 2. Bg2 Bxg4 3. c4 c6 4. Qb3 Nf6 5. Qxb7 Nbd7 6. Qxc6 e6 7. Nc3 Rc8 8. Qa6 Rxc4 9. d3 Rc8 10. Bf4 Bb4 11. a3 Bc5 12. Nf3 O-O 13. O-O Bb6 14. Qa4 Nc5 15. Qd1 h6 16. Rc1 Re8 17. Ne5 Bh5 18. b4 Ncd7 19. Na4 Rxc1 20. Qxc1 Nxe5 21. Bxe5 Bxe2 22. Re1 Bxd3 23. Nxb6 axb6 24. Bc7 Qd7 25. Bxb6 Be4 26. f3 Rc8 27. Qf4 Bg6 28. Bd4 Nh5 29. Qe5 Rc2 30. f4 f6 31. Qe3 e5 32. fxe5 Qg4 33. Qf3 Qxd4+ 34. Kh1 Nf4 35. exf6 gxf6 36. Qg4 Rxg2 37. Qc8+ Kg7 38. Re4 Qxe4 0-1


[Site "https://www.chess.com"]

[Event "Titled Tuesday Blitz October 12 2021"]
[White "Bortnyk, Olexandr"]
[Black "Dzhaparov, Medet"]
[WhiteFideId "14120828"]
[BlackFideId "13803689"]
[WhiteElo "2723"]
[BlackElo "1702"]
[Result "1-0"]
[Round "06"]
[TimeControl "180+1"]
[Date "2021.10.12"]
[WhiteClock "0:00:02"]
[BlackClock "0:00:02"]

1. e4 e5 2. Bc4 Nf6 3. d3 c6 4. Nf3 d5 5. Bb3 Bd6 6. Nc3 O-O 7. exd5 Nxd5 8. Bxd5 cxd5 9. Nxd5 Nc6 10. O-O Bg4 11. c3 Kh8 12. Ne3 Be6 13. Re1 Bc7 14. Nf1 f6 15. Ng3 Qd7 16. d4 exd4 17. Nxd4 Nxd4 18. Qxd4 Qc6 19. Qh4 Bd5 20. Nf5 Rfe8 21. Bf4 Qd7 22. Bxc7 Qxf5 23. h3 Rxe1+ 24. Rxe1 Bxa2 25. Qa4 Bg8 26. Re7 a6 27. Qd4 Rc8 28. Qd6 b5 29. Qxa6 Rf8 30. Kh2 Qxf2 31. Qd6 1-0


[Site "https://www.chess.com"]

[Event "Titled Tuesday Blitz October 12 2021"]
[White "Demchenko, Anton"]
[Black "Nakamura, Hikaru"]
[WhiteFideId "4160258"]
[BlackFideId "2016192"]
[WhiteElo "2583"]
[BlackElo "2884"]
[Result "0-1"]
[Round "06"]
[TimeControl "180+1"]
[Date "2021.10.12"]
[WhiteClock "0:00:04"]
[BlackClock "0:00:14"]

1. e4 c5 2. Nf3 a6 3. g3 g6 4. Bg2 Bg7 5. O-O Nc6 6. Re1 d6 7. c3 e5 8. d3 Nge7 9. a3 O-O 10. b4 b6 11. Nbd2 h6 12. Bb2 Be6 13. Rb1 Rc8 14. Qe2 b5 15. Ba1 Kh7 16. Red1 Qd7 17. Nb3 Qa7 18. Qe3 f5 19. bxc5 f4 20. Qe2 dxc5 21. d4 Bxb3 22. Rxb3 c4 23. Rbb1 Rcd8 24. d5 Na5 25. Bb2 g5 26. g4 Ng6 27. a4 bxa4 28. Ba3 Rf7 29. Bb4 Nb3 30. Qxc4 Rc7 31. Qe2 a5 32. Ba3 Rxc3 33. Rd3 Rcc8 34. Rbd1 Qc7 35. d6 Qc2 36. Qxc2 Rxc2 37. d7 Nc5 38. Bxc5 Rxc5 39. Bf1 Bf8 40. Rd5 Rxd5 41. Rxd5 a3 42. Bc4 Bb4 43. Nxe5 Nxe5 44. Rxe5 Rxd7 45. Re8 Rc7 46. Bd5 f3 47. h4 Rc1+ 48. Kh2 Rd1 49. Bc4 Rd2 50. Kg3 a2 51. Bxa2 Rxa2 52. hxg5 hxg5 53. Kxf3 Bc5 54. e5 Rxf2+ 55. Ke4 Rf4+ 56. Kd5 Bb4 57. Rb8 Rxg4 58. Rb7+ Kg6 59. Rb6+ Kh5 60. Rb8 Rg1 61. Rh8+ Kg4 62. e6 Re1 63. Ra8 Kg3 64. Rh8 g4 65. Rg8 a4 66. Rb8 a3 67. Rxb4 a2 68. Rb3+ Kh4 69. Ra3 a1=Q 70. Rxa1 Rxa1 0-1


[Site "https://www.chess.com"]

[Event "Titled Tuesday Blitz October 12 2021"]
[White "Demidov, Mikhail"]
[Black "Anuj Shrivatri"]
[WhiteFideId "4197143"]
[BlackFideId "35070924"]
[WhiteElo "2527"]
[BlackElo "2038"]
[Result "0-1"]
[Round "06"]
[TimeControl "180+1"]
[Date "2021.10.12"]
[WhiteClock "0:00:08"]
[BlackClock "0:00:15"]

1. Nf3 Nf6 2. g3 d5 3. Bg2 e6 4. O-O Be7 5. b3 O-O 6. c4 b6 7. Bb2 c5 8. cxd5 Nxd5 9. d4 Bb7 10. dxc5 Bxc5 11. Nbd2 Nd7 12. a3 a5 13. Ne4 Be7 14. Qd3 N5f6 15. Nxf6+ Bxf6 16. Ng5 Bxg5 17. Bxb7 Nc5 18. Qf3 Nxb7 19. Qxb7 Rb8 20. Qe4 Bf6 21. Rfd1 Qe7 22. Bxf6 Qxf6 23. Rd4 g6 24. Rad1 Kg7 25. R1d3 Rfd8 26. Kg2 h5 27. h4 Rbc8 28. Rd7 Rxd7 29. Rxd7 Rc5 30. Rd3 Rf5 31. Qd4 Qxd4 32. Rxd4 Rb5 33. Rd3 Kf6 34. Rc3 Rd5 35. Kf3 Rf5+ 36. Ke3 Re5+ 37. Kd3 Rd5+ 38. Kc2 Rf5 39. f3 Rd5 40. Rc6 b5 41. e4 Rd7 42. Rc5 Rb7 43. Kc3 Ke7 44. b4 Kd6 45. g4 hxg4 46. fxg4 f6 47. h5 gxh5 48. gxh5 a4 49. h6 Rh7 50. Rh5 e5 51. Kd3 Ke6 52. Ke3 Kf7 53. Rh1 Kg6 54. Rc1 Rxh6 55. Rc5 Rh3+ 56. Kf2 Kg5 57. Rxb5 Rxa3 58. Rb6 Rb3 59. b5 a3 60. Ra6 Rxb5 61. Rxa3 Rb4 62. Kf3 Rd4 63. Rb3 Rd7 64. Rc3 Rb7 65. Ra3 Rc7 66. Kg3 Rc4 67. Kf3 f5 68. exf5 Rh4 69. Rb3 Rh3+ 0-1


[Site "https://www.chess.com"]

[Event "Titled Tuesday Blitz October 12 2021"]
[White "Djordjevic, Vuk"]
[Black "Nogerbek, Kazybek"]
[WhiteFideId "902098"]
[BlackFideId "13710427"]
[WhiteElo "2463"]
[BlackElo "2436"]
[Result "1-0"]
[Round "06"]
[TimeControl "180+1"]
[Date "2021.10.12"]
[WhiteClock "0:00:06"]
[BlackClock "0:00:07"]

1. d4 Nf6 2. Bg5 c5 3. Bxf6 gxf6 4. dxc5 e6 5. Nd2 Bxc5 6. Ne4 d5 7. Nxc5 Qa5+ 8. c3 Qxc5 9. Qd4 Qxd4 10. cxd4 b6 11. e3 Ba6 12. Ne2 Ke7 13. Rc1 Kd6 14. Kd2 Nc6 15. Nc3 Bxf1 16. Rhxf1 Rhc8 17. Ne2 Rc7 18. Rc3 Rac8 19. Rfc1 Ne7 20. Rxc7 Rxc7 21. Rxc7 Kxc7 22. Nf4 Kd6 23. Nh5 f5 24. Nf6 h6 25. Kc3 a5 26. h4 Kc6 27. b4 a4 28. h5 b5 29. g4 fxg4 30. Nxg4 Nf5 31. Ne5+ Kc7 32. Nxf7 Ng7 33. Nxh6 Nxh5 34. Ng4 Ng7 35. Kd2 Nf5 36. Kd3 Nh4 37. Ne5 Nf5 38. Nf3 Nd6 39. Nd2 Kd7 40. f3 Ke7 41. Nb1 Kd7 42. Nd2 Kc6 43. e4 Kd7 44. Ke3 Ke7 45. Kf4 Nf7 46. Nb1 Kd6 47. Nc3 Kc6 48. Kg3 Ng5 49. Kg4 Nf7 50. Kf4 Nd6 51. Ke5 dxe4 52. fxe4 Nc4+ 53. Kxe6 Ne3 54. d5+ Kb6 55. d6 Nc2 56. d7 Nd4+ 57. Ke7 Nc6+ 58. Ke8 Kc7 59. Nxb5+ Kb6 60. Nc3 1-0


[Site "https://www.chess.com"]

[Event "Titled Tuesday Blitz October 12 2021"]
[White "Gasanov, Eldar"]
[Black "Tang, Andrew"]
[WhiteFideId "14104466"]
[BlackFideId "2059630"]
[WhiteElo "2454"]
[BlackElo "2588"]
[Result "1-0"]
[Round "06"]
[TimeControl "180+1"]
[Date "2021.10.12"]
[WhiteClock "0:00:02"]
[BlackClock "0:00:01"]

1. Nf3 d5 2. d4 Nf6 3. c4 e6 4. e3 b6 5. Nc3 Bd6 6. cxd5 exd5 7. Bb5+ Bd7 8. Bd3 O-O 9. O-O Re8 10. Qc2 Bg4 11. Nb5 Bxf3 12. gxf3 c5 13. Nxd6 Qxd6 14. dxc5 bxc5 15. b3 Nc6 16. Ba3 Ne5 17. Be2 Rac8 18. Rad1 Qe6 19. f4 Neg4 20. Bf3 Ne4 21. h3 Nexf2 22. Rxf2 Nxe3 23. Qd2 Qxh3 24. Re1 Qg3+ 25. Kh1 Re6 26. Rxe3 c4 27. bxc4 Rxc4 28. Rxe6 fxe6 29. Bg2 Qxa3 30. Qe2 Qc1+ 31. Rf1 Qc2 32. Qxe6+ Kf8 33. Bxd5 Rc7 34. Re1 1-0


[Site "https://www.chess.com"]

[Event "Titled Tuesday Blitz October 12 2021"]
[White "Gupta, Abhijeet"]
[Black "Salinas Herrera, Pablo"]
[WhiteFideId "5010608"]
[BlackFideId "3407128"]
[WhiteElo "2549"]
[BlackElo "2541"]
[Result "0-1"]
[Round "06"]
[TimeControl "180+1"]
[Date "2021.10.12"]
[WhiteClock "0:00:14"]
[BlackClock "0:00:20"]

1. d4 d5 2. Nf3 Nf6 3. Bf4 e6 4. e3 Bd6 5. Ne5 c5 6. Bb5+ Ke7 7. O-O a6 8. Be2 Nc6 9. c4 cxd4 10. exd4 Qc7 11. Nc3 Nxe5 12. dxe5 Bxe5 13. Bxe5 Qxe5 14. cxd5 Nxd5 15. Re1 Nxc3 16. bxc3 Qc5 17. Bf3 Rd8 18. Qc2 g6 19. Qe4 h6 20. Rab1 Kf8 21. Qf4 Qg5 22. Qc7 Rd7 23. Qb6 Kg7 24. g3 Qd8 25. Qe3 Qf6 26. Qc5 Qxf3 27. Qe5+ Qf6 28. Qe3 b5 29. c4 Bb7 30. cxb5 axb5 31. Rxb5 Rxa2 32. Rf1 Qf3 33. Qxf3 Bxf3 34. Rb3 Bd5 35. Rc3 Rda7 36. h4 Ra1 37. f4 Rxf1+ 38. Kxf1 Rb7 39. Kf2 Rb2+ 40. Ke3 Rb3 41. Rxb3 Bxb3 0-1


[Site "https://www.chess.com"]

[Event "Titled Tuesday Blitz October 12 2021"]
[White "Hansen, Eric"]
[Black "Macovei, Andrei"]
[WhiteFideId "2606771"]
[BlackFideId "13904680"]
[WhiteElo "2568"]
[BlackElo "2389"]
[Result "1-0"]
[Round "06"]
[TimeControl "180+1"]
[Date "2021.10.12"]
[WhiteClock "0:00:17"]
[BlackClock "0:00:11"]

1. Nf3 Nf6 2. g3 g6 3. Bg2 Bg7 4. O-O O-O 5. c4 d6 6. Nc3 Nbd7 7. d4 e5 8. dxe5 dxe5 9. Nd2 Qe7 10. Nd5 Nxd5 11. cxd5 Nb6 12. a4 Rd8 13. e4 c6 14. a5 Nd7 15. Nc4 Nf6 16. b3 cxd5 17. Ba3 Qe8 18. exd5 Bg4 19. Qd2 e4 20. d6 Qe6 21. Rfe1 Qf5 22. Bb2 Bf3 23. Bf1 Rac8 24. Bd4 Ng4 25. h3 Ne5 26. Bxe5 Bxe5 27. Ra4 Rc6 28. Qe3 b5 29. axb6 axb6 30. Nxe5 Qxe5 31. Qxf3 f5 32. Qe3 Rcxd6 33. Rc4 Kg7 34. Rc7+ R6d7 35. Rxd7+ Rxd7 36. Qxb6 f4 37. gxf4 Qxf4 38. Qe3 Qb8 39. Bc4 Re7 40. Qd4+ Kh6 41. Rxe4 Rxe4 42. Qxe4 Qd8 43. h4 Qd1+ 44. Kg2 Qd8 45. Qf4+ Kg7 46. Qe5+ Kh6 47. Kg3 Qc8 48. Qf4+ Kg7 49. Qe5+ Kh6 50. f3 Qa8 51. Bd5 Qa3 52. Qf4+ Kg7 53. Qf7+ Kh8 54. Qg8# 1-0


[Site "https://www.chess.com"]

[Event "Titled Tuesday Blitz October 12 2021"]
[White "Hnydiuk, Aleksander"]
[Black "Rustemov, Alexander"]
[WhiteFideId "1109057"]
[BlackFideId "4119002"]
[WhiteElo "2374"]
[BlackElo "2800"]
[Result "0-1"]
[Round "06"]
[TimeControl "180+1"]
[Date "2021.10.12"]
[WhiteClock "0:00:14"]
[BlackClock "0:00:48"]

1. Nf3 d5 2. d4 Nf6 3. c4 dxc4 4. e3 e6 5. Bxc4 a6 6. O-O c5 7. dxc5 Bxc5 8. Qxd8+ Kxd8 9. b3 Ke7 10. Bb2 b6 11. Be2 Bb7 12. Nc3 Nbd7 13. Rfd1 Rhd8 14. Nd2 Rac8 15. Na4 Bd6 16. Nc4 Bc7 17. Ba3+ Ke8 18. Nd6+ Bxd6 19. Bxd6 b5 20. Nb2 Rc2 21. Bd3 Rc6 22. Bg3 Nd5 23. Rac1 Nc3 24. Re1 Nxa2 25. Rxc6 Bxc6 26. Ra1 Nb4 27. Bf1 Nc5 28. Rc1 Nxb3 29. Rc3 Nd2 30. Bc7 Rc8 31. Ba5 Nd5 32. Rc2 Nxf1 33. Kxf1 Bd7 34. Rxc8+ Bxc8 35. Nd3 f6 36. Ke2 Kd7 37. Kd2 Kc6 38. e4 Nb6 39. Nb4+ Kb7 0-1


[Site "https://www.chess.com"]

[Event "Titled Tuesday Blitz October 12 2021"]
[White "Indjic, Aleksandar"]
[Black "Tabatabaei, M. Amin"]
[WhiteFideId "911925"]
[BlackFideId "12521213"]
[WhiteElo "2643"]
[BlackElo "2555"]
[Result "0-1"]
[Round "06"]
[TimeControl "180+1"]
[Date "2021.10.12"]
[WhiteClock "0:00:02"]
[BlackClock "0:00:12"]

1. d4 e6 2. Nf3 c5 3. c4 cxd4 4. Nxd4 Nf6 5. Nc3 d5 6. e3 Be7 7. cxd5 Nxd5 8. Bb5+ Bd7 9. Nxd5 exd5 10. Bxd7+ Qxd7 11. O-O Nc6 12. Nxc6 bxc6 13. b3 Bf6 14. Rb1 O-O 15. Ba3 Rfe8 16. Bc5 a5 17. Rc1 Re4 18. Rc2 a4 19. b4 Qe6 20. a3 h5 21. Qf3 g5 22. Rfc1 g4 23. Qd1 h4 24. Bb6 Rc8 25. g3 h3 26. Rd2 Re8 27. Bd4 Qf5 28. Bxf6 Qxf6 29. Rdc2 d4 30. Rxc6 Qf5 31. R6c5 R8e5 32. Rxe5 Qxe5 33. Rc5 Qf6 34. Rc2 Kh7 35. Rd2 dxe3 36. fxe3 Rxe3 37. Rf2 Qe6 38. Kf1 Qc4+ 39. Kg1 Qe4 40. Qd2 Re1+ 41. Rf1 Qh1+ 42. Kxh1 Rxf1# 0-1


[Site "https://www.chess.com"]

[Event "Titled Tuesday Blitz October 12 2021"]
[White "Jacobson, Brandon"]
[Black "Rasulov, Vugar"]
[WhiteFideId "30901561"]
[BlackFideId "13402390"]
[WhiteElo "2362"]
[BlackElo "2560"]
[Result "0-1"]
[Round "06"]
[TimeControl "180+1"]
[Date "2021.10.12"]
[WhiteClock "0:00:02"]
[BlackClock "0:00:54"]

1. d4 Nf6 2. c4 e6 3. Nf3 b6 4. g3 Bb7 5. Bg2 Be7 6. O-O O-O 7. Re1 d5 8. cxd5 exd5 9. Nc3 Na6 10. Bf4 c5 11. Rc1 Ne4 12. dxc5 Naxc5 13. Nb5 a6 14. Nbd4 Rc8 15. Bh3 Ra8 16. Ne5 Bg5 17. Bxg5 Qxg5 18. Ndf3 Qh6 19. Bg2 Rac8 20. Qd4 Nb3 21. Rxc8 Nxd4 22. Rxf8+ Kxf8 23. Nxd4 Qd2 24. Nd3 a5 25. Bf3 Ba6 26. Nb3 Qg5 27. Nf4 Qe5 28. Nd3 Qf6 29. Nf4 Qxb2 30. Nxd5 Nd2 31. Nxd2 Qxd2 32. Rb1 Bxe2 33. Bxe2 Qxe2 34. Nc3 Qc2 35. Rb3 a4 36. Nxa4 Qxa2 37. Rb4 Qa3 38. Re4 b5 39. Nb6 g6 40. Nd7+ Kg7 41. Ne5 b4 42. Nc4 Qc1+ 43. Kg2 b3 44. h4 Qc2 45. Rf4 h6 46. Kh2 g5 47. hxg5 hxg5 48. Rg4 Qxf2+ 49. Kh3 Kh6 50. Nd6 b2 51. Ne4 Qf1+ 52. Kh2 b1=Q 53. Nf2 Qxf2+ 54. Kh3 Qh1# 0-1


[Site "https://www.chess.com"]

[Event "Titled Tuesday Blitz October 12 2021"]
[White "Jobava, Baadur"]
[Black "Martinovici, Ilia"]
[WhiteFideId "13601520"]
[BlackFideId "13907034"]
[WhiteElo "2731"]
[BlackElo "2303"]
[Result "1-0"]
[Round "06"]
[TimeControl "180+1"]
[Date "2021.10.12"]
[WhiteClock "0:01:26"]
[BlackClock "0:00:11"]

1. b3 c5 2. Bb2 Nc6 3. e3 d5 4. Bb5 Bd7 5. Ne2 a6 6. Bxc6 Bxc6 7. O-O e6 8. d3 Nf6 9. Nd2 Be7 10. f4 O-O 11. Nf3 Nd7 12. Qd2 Bf6 13. Bxf6 Qxf6 14. g4 e5 15. g5 Qe7 16. Ng3 f5 17. gxf6 Rxf6 18. f5 e4 19. dxe4 dxe4 20. Ng5 Rh6 21. Ne6 Ne5 22. Qc3 Nf3+ 23. Rxf3 exf3 24. e4 Rxe6 25. fxe6 Qxe6 26. Rf1 Rf8 27. Rxf3 Rxf3 28. Qxf3 Qe5 29. c3 g6 30. Kf2 b5 31. Qe3 Kg7 32. Ke2 h5 33. h4 Kf6 34. Kf2 Ke6 35. Qh6 Qxc3 36. Qxg6+ Qf6+ 37. Qxf6+ Kxf6 38. Nxh5+ Ke5 39. Ng3 Bxe4 40. Nxe4 Kxe4 41. Ke2 Kf4 42. Kd3 Kg4 43. Ke4 Kxh4 44. Kd5 c4 45. bxc4 bxc4 46. Kxc4 Kg5 47. Kb4 Kf6 48. Ka5 Ke7 49. Kxa6 Kd6 50. Kb6 Kd7 51. Kb7 1-0


[Site "https://www.chess.com"]

[Event "Titled Tuesday Blitz October 12 2021"]
[White "Kamsky, Gata"]
[Black "Ozen, Bahadir"]
[WhiteFideId "2000024"]
[BlackFideId "6337058"]
[WhiteElo "2603"]
[BlackElo "2503"]
[Result "1/2-1/2"]
[Round "06"]
[TimeControl "180+1"]
[Date "2021.10.12"]
[WhiteClock "0:00:16"]
[BlackClock "0:00:08"]

1. e4 c6 2. d4 d5 3. exd5 cxd5 4. Bd3 Nc6 5. c3 Nf6 6. Bf4 Bg4 7. Qb3 Qd7 8. Nd2 e6 9. Ngf3 Bd6 10. Bg5 O-O 11. O-O Bh5 12. Rfe1 Qc7 13. Bh4 Bg6 14. Bxg6 hxg6 15. Bg3 Nd7 16. a4 Rab8 17. Qc2 b5 18. axb5 Rxb5 19. Bxd6 Qxd6 20. h4 Rfb8 21. b3 Rc8 22. Qd3 Rb7 23. Ng5 Nf6 24. b4 e5 25. Qg3 Nh5 26. dxe5 Nxg3 27. exd6 Nf5 28. b5 Nb8 29. c4 f6 30. Ngf3 dxc4 31. Ne4 Rd7 32. Red1 Rcd8 33. Ra4 Nxd6 34. Nxd6 Rxd6 35. Rxd6 Rxd6 36. Rxc4 Rb6 37. Rc8+ Kh7 38. Nd4 a6 39. bxa6 Nxa6 40. g3 Nb4 41. Re8 Nc6 42. Ne6 Rb8 43. Nf8+ Kh6 44. Rxb8 Nxb8 45. g4 g5 46. h5 Nc6 47. Kg2 Ne5 48. Kg3 g6 49. hxg6 Kg7 50. Ne6+ Kxg6 51. f4 gxf4+ 52. Kxf4 Nd3+ 53. Ke4 Nf2+ 54. Kf3 Nxg4 55. Kxg4 f5+ 56. Kf4 Kh6 57. Kxf5 1/2-1/2


[Site "https://www.chess.com"]

[Event "Titled Tuesday Blitz October 12 2021"]
[White "Karpeshov, Oleg"]
[Black "Samsonkin, Artiom"]
[WhiteFideId "4106814"]
[BlackFideId "13503111"]
[WhiteElo "2354"]
[BlackElo "2513"]
[Result "0-1"]
[Round "06"]
[TimeControl "180+1"]
[Date "2021.10.12"]
[WhiteClock "0:02:08"]
[BlackClock "0:01:52"]

1. d4 Nf6 2. c4 e6 3. Nc3 Bb4 4. e3 O-O 5. Ne2 d5 6. a3 Bd6 7. cxd5 exd5 8. g3 c6 9. Bg2 Re8 10. O-O Bf5 11. f3 Qd7 12. g4 Bxg4 13. fxg4 Nxg4 14. Nf4 Nxe3 15. Bxe3 Rxe3 16. Qd2 Qe7 17. Nfxd5 cxd5 18. Nxd5 Qh4 19. Qxe3 Bxh2+ 20. Kh1 Bg3+ 0-1


[Site "https://www.chess.com"]

[Event "Titled Tuesday Blitz October 12 2021"]
[White "Keymer, Vincent"]
[Black "Yaksin, Oleg"]
[WhiteFideId "12940690"]
[BlackFideId "24105880"]
[WhiteElo "2524"]
[BlackElo "2256"]
[Result "1-0"]
[Round "06"]
[TimeControl "180+1"]
[Date "2021.10.12"]
[WhiteClock "0:00:20"]
[BlackClock "0:00:11"]

1. Nf3 Nf6 2. c4 e6 3. Nc3 Bb4 4. Qc2 O-O 5. a3 Bxc3 6. Qxc3 c5 7. b4 b6 8. Bb2 d6 9. e3 Bb7 10. Be2 Nbd7 11. O-O Rc8 12. d3 Qe7 13. Rab1 Rfd8 14. Ba1 d5 15. cxd5 Bxd5 16. Qb2 Rc7 17. Nd2 Rdc8 18. b5 Ne8 19. f4 f6 20. e4 Bb7 21. e5 f5 22. Nc4 Rd8 23. a4 Bd5 24. Rbc1 Nf8 25. a5 Rb8 26. Ne3 Ba8 27. Qa3 Rd7 28. d4 cxd4 29. Qxe7 Rxe7 30. Bxd4 Nc7 31. axb6 axb6 32. Bf3 Bxf3 33. Rxf3 Rd7 34. Ba1 Nxb5 35. Rb1 Nd4 36. Rf2 b5 37. Nc4 bxc4 38. Rxb8 Nb3 39. Bc3 Kf7 40. h4 Rd3 41. Ra2 Rxc3 42. Ra7+ Kg6 43. Rxf8 Rg3 44. Rff7 Kh6 45. Kf2 Rg4 46. g3 Nc5 47. Rfe7 Ne4+ 48. Kf1 Rxg3 49. Rxe6+ Kh5 50. Ree7 Rf3+ 51. Ke2 Rxf4 52. Rxg7 Kxh4 53. e6 Nc5 54. Rxh7+ Kg5 55. Rag7+ Kf6 56. e7 Re4+ 57. Kd2 c3+ 58. Kxc3 Nd7 59. Rf7+ Kg6 60. e8=Q Rxe8 61. Rxd7 f4 62. Rhf7 Kg5 63. Rd5+ Kg4 64. Rd4 Re3+ 65. Kc4 Rf3 66. Kd5 Rf1 67. Ke5 Re1+ 68. Re4 Rf1 69. Rfxf4+ Rxf4 70. Rxf4+ Kg3 71. Ke4 Kg2 72. Rf3 Kg1 73. Kf4 Kg2 74. Kg4 Kh2 75. Rf2+ Kh1 76. Kg3 Kg1 77. Rf3 Kh1 78. Rf1# 1-0


[Site "https://www.chess.com"]

[Event "Titled Tuesday Blitz October 12 2021"]
[White "Khusnutdinov, Rustam"]
[Black "Koksik_13"]
[WhiteFideId "13701703"]
[WhiteElo "2571"]
[BlackElo "2719"]
[Result "1-0"]
[Round "06"]
[TimeControl "180+1"]
[Date "2021.10.12"]
[WhiteClock "0:00:33"]
[BlackClock "0:00:24"]

1. d4 e6 2. c4 d5 3. Nf3 a6 4. Nbd2 Nf6 5. g3 dxc4 6. Nxc4 b5 7. Nce5 Bb7 8. Bg2 Nbd7 9. Nxf7 Bxf3 10. Nxd8 Bxg2 11. Rg1 Bd5 12. Nxe6 Bxe6 13. Qc2 c5 14. Be3 Rc8 15. dxc5 Nxc5 16. Rc1 Nd5 17. Bxc5 Bxc5 18. Qxc5 Rxc5 19. Rxc5 Kd7 20. a3 Kd6 21. Rc1 b4 22. e4 Nf6 23. f3 bxa3 24. bxa3 Rb8 25. Rg2 Rb3 26. Rd2+ Ke7 27. Rc7+ Nd7 28. f4 g6 29. Rc6 Rxa3 30. Kf2 Bg4 31. Rc7 a5 32. f5 gxf5 33. Rcxd7+ Kf6 34. e5+ Kxe5 35. Rxh7 a4 36. h3 Bf3 37. Re7+ Kf6 38. Re3 Rxe3 39. Kxe3 Be4 40. Rd6+ Kg5 41. Ra6 Bg2 42. h4+ Kg4 43. Kf2 Be4 44. Rxa4 Kh5 45. Rxe4 fxe4 46. Ke3 Kg4 47. Kxe4 Kxg3 48. h5 1-0


[Site "https://www.chess.com"]

[Event "Titled Tuesday Blitz October 12 2021"]
[White "Korchmar, Vasiliy"]
[Black "Zhigalko, Sergei"]
[WhiteFideId "24131750"]
[BlackFideId "13502956"]
[WhiteElo "2370"]
[BlackElo "2662"]
[Result "0-1"]
[Round "06"]
[TimeControl "180+1"]
[Date "2021.10.12"]
[WhiteClock "0:00:01"]
[BlackClock "0:00:22"]

1. e4 c5 2. Nf3 Nc6 3. d4 cxd4 4. Nxd4 Nf6 5. Nc3 e5 6. Ndb5 d6 7. Bg5 a6 8. Na3 b5 9. Bxf6 gxf6 10. Nd5 Bg7 11. c3 f5 12. exf5 Bxf5 13. Nc2 Be6 14. Nce3 Ne7 15. a4 Nxd5 16. Nxd5 O-O 17. Be2 bxa4 18. Rxa4 a5 19. O-O Rb8 20. b4 axb4 21. cxb4 Qg5 22. b5 e4 23. Ne3 d5 24. Kh1 Rfd8 25. Nc2 d4 26. Nxd4 Qf6 27. Bg4 Bxg4 28. Qxg4 Rxd4 29. Ra6 Qd8 30. h3 Rxb5 31. Rfa1 Rb8 32. Ra7 Rdb4 33. R1a5 Qd6 34. g3 Rb1+ 35. Kg2 Qd1 36. Qxd1 Rxd1 0-1


[Site "https://www.chess.com"]

[Event "Titled Tuesday Blitz October 12 2021"]
[White "Lazavik, Denis"]
[Black "Terry, Renato"]
[WhiteFideId "13515110"]
[BlackFideId "3803457"]
[WhiteElo "2436"]
[BlackElo "2577"]
[Result "1/2-1/2"]
[Round "06"]
[TimeControl "180+1"]
[Date "2021.10.12"]
[WhiteClock "0:00:05"]
[BlackClock "0:00:05"]

1. d4 d5 2. c4 c6 3. Nf3 Nf6 4. e3 a6 5. Bd3 Bg4 6. h3 Bh5 7. Nbd2 Nbd7 8. O-O e6 9. b3 Bd6 10. Bb2 O-O 11. Qc2 Bg6 12. Bxg6 hxg6 13. e4 dxe4 14. Nxe4 Nxe4 15. Qxe4 Re8 16. Rfe1 Qf6 17. Ne5 Rad8 18. Rad1 Bb4 19. Nxd7 Rxd7 20. Re2 Red8 21. Qc2 Qf5 22. Rd3 Be7 23. Qd1 Bf6 24. Red2 Bg5 25. Re2 Bf6 26. Red2 Qh5 27. Qc2 Qh4 28. Qd1 Qf4 29. Bc3 b6 30. Rf3 Qh4 31. Rfd3 Qe4 32. Re3 Qf5 33. Rf3 Qh5 34. Kf1 b5 35. Ba5 Rb8 36. Bc3 Rbd8 37. Ba5 Re8 38. Bc3 Rc8 39. Rfd3 Rb8 40. Qxh5 gxh5 41. Ke2 Rbd8 42. Ba5 Rc8 43. Bc3 Bg5 44. Rd1 Rcd8 45. Ba5 Rc8 46. Bc3 Kh7 47. Ba5 Kg6 48. Rg3 h4 49. Rgd3 Kf5 50. Bd2 Bf6 51. Be3 Rcd8 52. R1d2 Kg6 53. Rd1 Kf5 54. R1d2 g5 55. f3 Bg7 56. Rd1 Kg6 57. R1d2 Kf5 58. Rd1 Bf6 59. R1d2 Be7 60. Rd1 Bb4 61. Bf2 f6 62. Rc1 Ba3 63. Rcd1 Bf8 64. R1d2 Bb4 65. Rd1 Ba5 66. Rc1 e5 67. Rcd1 e4 68. fxe4+ Kxe4 69. Re3+ Kf5 70. Rf3+ Kg6 71. Rfd3 Bb6 72. d5 Bxf2 73. Kxf2 cxd5 74. cxd5 Kf5 75. d6 Ke6 76. Re3+ Kf7 77. Red3 Rc8 78. R1d2 Rc5 79. Kf3 Rf5+ 80. Ke2 Ke6 81. Ke1 Re5+ 82. Kf2 f5 83. Rd4 Kf6 84. R4d3 Ke6 85. Rd4 a5 86. Rd1 b4 87. R1d2 Rc5 88. R4d3 Rc6 89. Re2+ Kf6 90. Red2 Ke5 91. Rd5+ Ke6 92. Rxa5 Rdxd6 93. Rxd6+ Rxd6 94. Rb5 Rd2+ 95. Kg1 Rxa2 96. Rxb4 Rb2 97. Rb8 Ke5 98. Rb4 Rc2 99. Kf1 Ra2 100. Kg1 Rb2 101. Kh2 Rd2 102. Kg1 Kf6 103. Rb6+ Kg7 104. b4 Rb2 105. b5 g4 106. hxg4 fxg4 107. Kf1 g3 108. Rd6 Rb1+ 109. Ke2 Rxb5 110. Kf3 Rb2 111. Kg4 Rxg2 112. Kxh4 Rg1 113. Kh3 g2 114. Rd2 Rh1+ 115. Kxg2 Rh6 116. Rd3 Rg6+ 117. Rg3 Kf6 118. Rxg6+ Kxg6 1/2-1/2


[Site "https://www.chess.com"]